 Dungeon Crawl Stone Soup version 0.30-a0-341-g682706514a (webtiles) character file.

Game seed: 8349210859985934030

135 themarg the Magician (level 5, -2/35 HPs)
             Began as a Djinni Fire Elementalist on Nov 4, 2022.
             Slain by Ijyb
             ... wielding a +0 club
              (4 damage)
             ... on level 2 of the Dungeon.
             The game lasted 00:10:58 (2132 turns).

themarg the Magician (Djinni Fire Elementalist)     Turns: 2132, Time: 00:10:59

Health: -2/35      AC:  6    Str:  7    XL:     5   Next: 42%
Gold:   97         EV: 12    Int: 18    God:
                   SH:  0    Dex: 14

rFire   + + .      SeeInvis .    d - +0 short sword (speed)
rCold   x . .      Faith    .    (no shield)
rNeg    . . .      Spirit   .    a - +0 robe
rPois   ∞          Reflect  .    i - +0 helmet
rElec   .          Harm     .    (no cloak)
rCorr   .          Rampage  .    l - +2 pair of gloves
Will    .....                    (boots unavailable)
Stlth   ++........               (no amulet)
HPRegen 0.25/turn                (no ring)
MPRegen 0.00/turn                (no ring)

@: weak-willed, flying
A: sickness immunity, fire resistance 2, cold vulnerability 1, float, innate
caster, HP casting, extra vitality 1
a: no special abilities


You were on level 2 of the Dungeon.
You visited 1 branch of the dungeon, and saw 3 of its levels.

You collected 97 gold pieces.

Inventory:

Hand Weapons
 d - a +0 short sword of speed (weapon)
Missiles
 e - 4 poisoned darts
 h - 8 stones
Armour
 a - a +0 robe (worn)
 i - a +0 helmet (worn)
 l - a +2 pair of gloves (worn)
Scrolls
 f - a scroll of enchant weapon {unknown}
 o - a scroll of immolation {unknown}
Potions
 b - a potion of curing {unknown}
 c - a potion of degeneration {unknown}
 g - a potion of experience {unknown}


   Skills:
 - Level 2.1 Dodging
 - Level 3.0 Stealth
 + Level 3.8 Spellcasting


You couldn't memorise any spells.
You knew the following spells:

 Your Spells              Type           Power      Damage    Failure   Level
a - Foxfire               Conj/Fire      68%        2x1d7     3%          1
b - Scorch                Fire           34%        2d7       4%          2
c - Kindle Blastsparks    Fire/Tloc/Air  34%        2d12      9%          3
d - Inner Flame           Hex/Fire       17%        N/A       9%          3
e - Flame Wave            Conj/Fire      17%        2d7       30%         4
f - Sandblast             Erth           34%        2d9       3%          1
g - Blink                 Tloc           34%        N/A       4%          2
Your spell library was empty.

Dungeon Overview and Level Annotations

Branches:
Dungeon (3/15)

Altars:
The Shining One

Annotations:
D:2 Ijyb
D:3 1 runed translucent door, exclusion: door, retardedninja's ghost, amateur HOFi


Innate Abilities, Weirdness & Mutations

You are immune to sickness and miasma.
You are immune to poison.
Your flesh is very heat resistant. (rF++)
You are vulnerable to cold. (rC-)
You float through the air rather than walking.
You learn spells naturally, not from books.
Your magical power is your life essence.
You have superior vitality. (+4 MHP)


Message History

Ijyb is almost dead.
You closely miss Ijyb.
Ijyb is almost dead.
Ijyb hits you but does no damage.
You hit Ijyb.
Ijyb is almost dead.
Ijyb barely misses you.
You hit Ijyb but do no damage.
Ijyb is almost dead.
Okay, then.
As you read the scroll labelled NUANKI RAAROBU, it crumbles to dust.
It is a scroll of amnesia.
You feel forgetful for a moment. Ijyb misses you.
As you read the scroll labelled HUMAVEP XEIMEWUU, it crumbles to dust.
Magic quickly surges around you.
It was a scroll of vulnerability.
Ijyb misses you.
Casting: Sandblast (safe; 3% risk of failure)
Confirm with . or Enter, or press ? or * to list all spells.
Aiming: Sandblast (safe; 3% risk of failure)
Press: ? - help, Shift-Dir - straight line, f/p - Ijyb
Aim: Ijyb, wielding a +0 club, wearing a +0 ring mail and wearing a ring of see invisible (almost dead, weak-willed, 80% to hit)
The blast of sand hits Ijyb but does no damage.
Ijyb is almost dead.
* * * LOW HITPOINT WARNING * * *
Ijyb closely misses you. Ijyb hits you with a +0 club.
* * * LOW HITPOINT WARNING * * *
Casting: Sandblast (safe; 3% risk of failure)
Confirm with . or Enter, or press ? or * to list all spells.
Aiming: Sandblast (safe; 3% risk of failure)
Press: ? - help, Shift-Dir - straight line, f/p - Ijyb
Aim: Ijyb, wielding a +0 club, wearing a +0 ring mail and wearing a ring of see invisible (almost dead, weak-willed, 80% to hit)
The blast of sand hits Ijyb but does no damage.
Ijyb is almost dead.
* * * LOW HITPOINT WARNING * * *
Ijyb hits you with a +0 club.
* * * LOW HITPOINT WARNING * * *
The air fills with toxic fumes!
As you read the scroll labelled BURA ZEFOLOTZ, it crumbles to dust.
It was a scroll of poison.
Ijyb hits you with a +0 club.
You die...

.###.#...............# #.
........##.#####§##).# ##
..#............§§§...#
.....##.##.#####§#...#
.####.#.#.## #§#.#.## .#
##...## #§§###g## .######.##
#§## ##.# ........# #§g###.##
###### .###.###########@§§#>##
#..... .# #.....§§§§§§§§§§§§#
#.#### .# ##############§§#§#
#.# .########### ###§§#.# #.#
...........# #..§§#.# #.#
.#...#####.# #.#§§#.# #.#
.....### #.# #.#§§#.#######.#
.......# #.# #.#§§§.........#
###.#..###.####.#.##.#########


You could see Ijyb (weak-willed).

Vanquished Creatures
  7 adders
  2 worms
  2 dart slugs (D:2)
  An orc (D:3)
  2 endoplasms
  3 giant cockroaches (D:2)
  13 goblins
  2 hobgoblins
  3 jackals (D:1)
  A quokka (D:1)
  8 ball pythons
  3 bats
  A frilled lizard (D:1)
  5 kobolds
  7 rats
60 creatures vanquished.

Vanquished Creatures (others)
  140 foxfires
  7 toadstools (D:1)
  2 withered plants (D:3)
149 creatures vanquished.

Grand Total: 209 creatures vanquished

Notes
Turn   | Place    | Note
-------+----------+-------------------------------------------
     0 | D:1      | themarg the Djinni Fire Elementalist began the quest for
                  | the Orb.
     0 | D:1      | themarg set off with the following spells memorised:
                  | Foxfire, Scorch, Kindle Blastsparks, Inner Flame, Flame
                  | Wave.
     0 | D:1      | Reached XP level 1. HP: 15/15 MP: 0/0
   249 | D:1      | Reached XP level 2. HP: 14/21 MP: 0/0
   355 | D:1      | Found a faded altar of an unknown god.
   711 | D:1      | Reached XP level 3. HP: 22/25 MP: 0/0
   711 | D:1      | Learned a level 1 spell: Sandblast
  1114 | D:2      | Reached XP level 4. HP: 28/31 MP: 0/0
  1666 | D:2      | Reached XP level 5. HP: 34/35 MP: 0/0
  1666 | D:2      | Learned a level 2 spell: Blink
  1726 | D:3      | Noticed retardedninja's ghost (amateur HOFi)
  1726 | D:3      | Found a runed translucent door.
  1774 | D:3      | Found a glowing golden altar of the Shining One.
  2056 | D:3      | Noticed Ijyb
  2132 | D:2      | Slain by Ijyb

Illustrated notes

Levels and vault maps discovered:
D:1:      nagdon_arrival_double_spiral, layout_loops_ring,
          hellmonk_ecumenical_altar_dog_temple
D:2:      layout_loops_ring, minmay_indecisive_spiral
D:3:      kennysheep_the_goblin_king, layout_rooms,
          lemuel_zombie_altar_kikubaaqudgha, mainiacjoe_overflow_brackets,
          demons_altar, gammafunk_ghost_grave

Skill      XL: |  1  2  3  4 |
---------------+-------------+-----
Stealth        | 2 3 |  3.0
Spellcasting   | 3 |  3.8
Dodging        | |  2.1

Action                   |  1- 3 |  4- 6 || total
-------------------------+-------+-------++-------
Melee: Short sword       |       |     5 ||     5
 Cast: Foxfire           |    47 |    49 ||    96
       Scorch            |     5 |    14 ||    19
       Sandblast         |       |    17 ||    17
       Blink             |       |     3 ||     3
       Kindle Blastspark |       |     3 ||     3
  Use: Scroll            |       |     3 ||     3
       Potion            |       |     2 ||     2
Armor: Robe              |     2 |     8 ||    10
Dodge: Dodged            |    13 |    17 ||    30

Table legend: (Time is in decaauts)
 A = Elapsed time spent in this place.
 B = Non-inter-level travel time spent in this place.
 C = Inter-level travel time spent in this place.
 D = Time resting spent in this place.
 E = Time spent auto-exploring this place.
 F = Levels seen in this place.
 G = Mean time per level.
                   A        B        C        D        E       F      G
               +--------+--------+--------+--------+--------+-----+--------+
         Total |   2139 |   2102 |     37 |    361 |   1279 |   3 |  713.0 |
       Dungeon |   2139 |   2102 |     37 |    361 |   1279 |   3 |  713.0 |
               +--------+--------+--------+--------+--------+-----+--------+

Top non-repeatable levels by time:
     D:2: 1000 daAuts
     D:1: 813 daAuts
     D:3: 326 daAuts
